 Dungeon Crawl Stone Soup version 0.17.0-26-gececa24 (webtiles) character file.

206 oplop the Firebug (level 5, -1/31 HPs)
             Began as an Octopode Fire Elementalist on Nov 20, 2015.
             Slain by a big kobold
             ... wielding a +0 whip
              (8 damage)
             ... in a sewer.
             The game lasted 00:07:11 (3458 turns).

oplop the Firebug (Octopode Fire Elementalist)      Turns: 3458, Time: 00:07:11

Health: -1/31      AC:  1    Str:  8    XL:     5   Next: 84%
Magic:  6/9        EV: 13    Int: 18    God:
Gold:   94         SH:  0    Dex: 12    Spells: 3 memorised, 2 levels left

rFire  . . .     SeeInvis .     (no weapon)
rCold  . . .     Clarity  .     (no shield)
rNeg   . . .     SustAt   .     (helmet restricted)
rPois  .         Gourm    .     (no amulet)
rElec  .         Spirit   .     (no ring)
rCorr  .         Warding  .     (no ring)
rMut   .         Stasis   .     (no ring)
MR     .....                    (no ring)
Stlth  +++.......               (no ring)
                                (no ring)
                                (no ring)
                                (no ring)

@: not resistant to hostile enchantments, fairly stealthy
A: almost no armour, amphibious, 8 rings, constrict 8, camouflage 1, gelatinous
body 1
a: no special abilities


You were in a sewer.
You were not hungry.

You visited 1 branch of the dungeon, and saw 3 of its levels.
You also visited: Sewer.

You collected 94 gold pieces.

Inventory:

Jewellery
 m - an uncursed ring of teleportation
Scrolls
 e - 3 scrolls of identify
 f - 4 scrolls of amnesia {unknown}
 g - 2 scrolls of remove curse
 i - 3 scrolls of teleportation {unknown}
 j - a scroll of blinking
 k - 2 scrolls of enchant weapon {unknown}
 o - a scroll of noise {unknown}
Potions
 d - a potion of agility
 h - a potion of mutation {unknown}
 l - 2 potions of curing {unknown}
 n - a potion of brilliance {unknown}
 p - a potion of might {unknown}
 q - a potion of magic {unknown}
Books
 a - a book of Flames

   Spells                             Type                      Level
   a - Flame Tongue                   Conjuration/Fire             1
   b - Throw Flame                    Conjuration/Fire             2
   c - Conjure Flame                  Conjuration/Fire             3
   d - Inner Flame                    Hexes/Fire                   3
   e - Sticky Flame                   Conjuration/Fire             4
   f - Fireball                       Conjuration/Fire             5
Comestibles
 b - a bread ration
 c - 2 meat rations


   Skills:
 + Level 3.1 Dodging
 - Level 2.6 Stealth
 + Level 3.1 Spellcasting
 + Level 3.1 Conjurations
 + Level 4.0 Fire Magic


You had 2 spell levels left.
You knew the following spells:

 Your Spells              Type           Power        Failure   Level  Hunger
a - Flame Tongue          Conj/Fire      ###..        4%          1    None
b - Conjure Flame         Conj/Fire      ###.....     14%         3    ###....
c - Sticky Flame          Conj/Fire      ###.....     41%         4    ####...


Dungeon Overview and Level Annotations

Branches:
Dungeon (3/15)

Altars:
Ashenzari
Elyvilon

Annotations:
D:3 Sigmund


Innate Abilities, Weirdness & Mutations

You cannot wear most types of armour.
You are amphibious.
You can wear up to eight rings at the same time.
You can use your tentacles to constrict eight enemies at once.
Your skin changes colour to match your surroundings (Stealth).
Your rubbery body absorbs attacks (AC +1).


Message History

A kobold comes into view.
The big kobold throws a stone.
The stone hits you.
You see here a stone.
The kobold shouts!
The big kobold misses you.
You barely miss the big kobold. You grab the big kobold.
You constrict the big kobold, but do no damage.
The big kobold hits you with a whip.
You tentacle-slap the big kobold but do no damage.
You constrict the big kobold.
You tentacle-slap the big kobold but do no damage.
The big kobold is lightly wounded.
You constrict the big kobold, but do no damage.
The kobold hits you. The big kobold hits you with a whip.
You tentacle-slap the big kobold but do no damage.
The big kobold is lightly wounded.
You constrict the big kobold. The kobold hits you.
* * * LOW HITPOINT WARNING * * *
The big kobold hits you with a whip!
You die...

##### # ##≈≈≈##
##### #####.....#
##...## ≈≈≈≈≈.≈.≈≈#
.?≈.. #####.....#
#.!. # ##.≈.## #KK#
##≈## #@# #≈# #.#
#≈# #.# ##≈## ##(##
# ##..≈## ##...##
#####≈.≈≈.####....≈#
≈≈≈≈≈≈....≈≈≈†....≈#
#####≈≈...####..≈≈.#
######≈≈≈## ##.≈.##


You could see a big kobold and a kobold.

Vanquished Creatures
  Jessica (D:2)
  4 adders
  3 river rats
  5 oozes
  4 worms
  5 giant geckos
  4 orcs (D:3)
  2 giant cockroaches (D:3)
  4 goblins
  7 hobgoblins
  10 kobolds
  A ball python (D:3)
  13 bats
  5 giant newts
  12 rats
80 creatures vanquished.

Notes
Turn   | Place    | Note
--------------------------------------------------------------
     0 | D:1      | oplop the Octopode Fire Elementalist began the quest for the Orb.
     0 | D:1      | Reached XP level 1. HP: 11/11 MP: 3/3
   393 | D:1      | Reached XP level 2. HP: 9/17 MP: 1/5
  1212 | D:1      | Reached XP level 3. HP: 21/21 MP: 6/6
  1506 | D:2      | Learned a level 3 spell: Conjure Flame
  1678 | D:2      | Found a white marble altar of Elyvilon.
  1870 | D:2      | Noticed Jessica
  1891 | D:2      | Killed Jessica
  1891 | D:2      | Reached XP level 4. HP: 18/27 MP: 0/7
  2314 | D:3      | Noticed Sigmund
  2647 | D:3      | Found a shattered altar of Ashenzari.
  2730 | D:2      | Learned a level 4 spell: Sticky Flame
  2882 | D:3      | Reached XP level 5. HP: 8/31 MP: 5/9
  2971 | D:3      | Found a glowing drain.
  2975 | Sewer    | Entered a sewer
  3406 | Sewer    | Reached skill level 4 in Fire Magic
  3458 | Sewer    | Slain by a big kobold

Action                   |  1- 3 |  4- 6 || total
-------------------------+-------+-------++-------
Melee: Unarmed           |    68 |    46 ||   114
 Cast: Flame Tongue      |    31 |    48 ||    79
  Use: Scroll            |     3 |       ||     3
 Stab: Sleeping          |     6 |     5 ||    11
  Eat: Chunk             |     3 |     3 ||     6
       Royal jelly       |       |     1 ||     1
